 Dungeon Crawl Stone Soup version 0.31-a0-182-gc5ef74bbde (webtiles) character file.

Game seed: 5522350272182436953

172 Hajna the Covered (level 5, -5/70 HPs)
             Began as a Hill Orc Fighter on June 21, 2023.
             Was an Initiate of Beogh.
             Slain by an iguana (9 damage)
             ... on level 4 of the Dungeon.
             The game lasted 00:03:31 (2890 turns).

Hajna the Covered (Hill Orc Fighter)                Turns: 2890, Time: 00:03:32

Health: -5/70      AC:  7    Str: 19    XL:     5   Next: 53%
Magic:  5/5        EV:  9    Int:  8    God:    Beogh [......]
Gold:   216        SH:  4    Dex: 12    Spells: 4/4 levels left

rFire   . . .        a - +0 war axe
rCold   . . .        c - +0 buckler
rNeg    + . .        b - +0 scale mail
rPois   .            (no helmet)
rElec   .            (no cloak)
rCorr   .            (no gloves)
SInv    .            (no boots)
Will    .....        (no amulet) Stlth
                     u - ring of positive energy
HPRegen 0.31/turn    (no ring)
MPRegen 0.09/turn

%: no passive effects
@: brilliant, berserking, very quick
A: no striking features
a: Renounce Religion


You were on level 4 of the Dungeon.
You worshipped Beogh.
Beogh was noncommittal.
You visited 1 branch of the dungeon, and saw 4 of its levels.

You collected 216 gold pieces.

Inventory:

Hand Weapons
 a - a +0 war axe (weapon)
Missiles
 l - 4 javelins
 t - 5 curare-tipped darts (quivered)
Armour
 b - a +0 scale mail (worn)
 c - a +0 buckler (worn)
Jewellery
 u - a ring of positive energy (left hand)
Scrolls
 e - a scroll of teleportation
 g - a scroll of immolation {unknown}
 h - a scroll of fear {unknown}
 j - 2 scrolls of blinking {unknown}
 n - 2 scrolls of fog {unknown}
 o - 5 scrolls of identify {unknown}
 v - a scroll of amnesia {unknown}
Potions
 d - a potion of might
 i - a potion of degeneration {unknown}
 k - a potion of brilliance
 m - a potion of curing {unknown}
 p - a potion of cancellation {unknown}
 q - a potion of attraction {unknown}
 r - a potion of heal wounds {unknown}
 s - 3 potions of haste {unknown}


   Skills:
 + Level 4.5 Fighting
 + Level 4.6 Axes
 + Level 4.7 Armour
 + Level 0.4 Dodging
 + Level 3.7 Shields


You had 4 spell levels left.
You didn't know any spells.
Your spell library contained the following spells:

 Spells                   Type           Power      Damage    Failure   Level
 Poisonous Vapours        Pois/Air       0%         N/A       93%         2
 Sublimation of Blood     Necr           0%         N/A       93%         2
 Wereblood                Tmut           0%         N/A       93%         2
 Mephitic Cloud           Conj/Pois/Air  0%         N/A       99%         3
 Portal Projectile        Hex/Tloc       0%         N/A       99%         3
 Tukima's Dance           Hex            0%         N/A       99%         3
 Blade Hands              Tmut           0%         N/A       100%        5
 Freezing Cloud           Conj/Ice/Air   0%         6-21      100%        5
 Summon Hydra             Summ           0%         N/A       100%        7


Dungeon Overview and Level Annotations

Branches:
Dungeon (4/15)             Temple (0/1) D:4

Altars:
Ashenzari
Ru


Message History

There is an open door here.
An iguana comes into view.
The iguana hisses angrily.
The iguana bites you but does no damage.
You barely miss the iguana.
The iguana is lightly wounded.
The iguana completely misses you.
You hit the iguana but do no damage.
The iguana is lightly wounded.
The iguana bites you!
You hit the iguana.
The iguana is moderately wounded.
The iguana closely misses you. The iguana bites you!
You closely miss the iguana.
The iguana is moderately wounded.
The iguana bites you!
You are too injured to fight recklessly!
You are too injured to fight recklessly!
You are too injured to fight recklessly!
You are too injured to fight recklessly!
You are too injured to fight recklessly!
You are too injured to fight recklessly!
You hit the iguana but do no damage.
The iguana is moderately wounded.
The iguana bites you!
* * * LOW HITPOINT WARNING * * *
You completely miss the iguana.
The iguana is moderately wounded.
The iguana hisses menacingly.
The iguana bites you.
* * * LOW HITPOINT WARNING * * *
The iguana closely misses you.
It was a potion of brilliance.
You feel clever all of a sudden. The iguana bites you.
* * * LOW HITPOINT WARNING * * *
It was a potion of berserk rage.
A red film seems to cover your vision as you go berserk!
You feel yourself moving faster!
You feel mighty! The iguana bites you!
You die...

#......)..........
#.................
#######.................
..........<..##'###.....
.............#...###....
.............#...#_'....
.............#...###....
.............'....#.....
......l@.....##...#.....
....#####.....#####.....
. #.....# #..... #.....#
#..... #.....# ##.....
#.....# #...... #######
#.###'# #.#.... #.#.###


You could see an iguana.

Vanquished Creatures
  A hound (D:4)
  An iguana (D:3)
  8 adders
  2 worms
  A dart slug (D:2)
  An orc (D:4)
  5 ball pythons
  4 bats
  5 endoplasms
  2 giant cockroaches
  3 goblins
  3 hobgoblins
  2 jackals (D:2)
  2 quokkas
  A kobold (D:3)
  A rat (D:3)
42 creatures vanquished.

Vanquished Creatures (others)
  An orc priest (D:4)
  An orc (D:4)
2 creatures vanquished.

Grand Total: 44 creatures vanquished

Notes
Turn   | Place    | Note
-------+----------+-------------------------------------------
     0 | D:1      | Hajna the Hill Orc Fighter began the quest for the Orb.
     0 | D:1      | Reached XP level 1. HP: 19/19 MP: 1/1
   432 | D:1      | Reached XP level 2. HP: 17/27 MP: 2/2
  1072 | D:2      | Reached XP level 3. HP: 26/33 MP: 3/3
  1239 | D:2      | Reached XP level 4. HP: 40/40 MP: 4/4
  2211 | D:3      | Reached XP level 5. HP: 43/47 MP: 5/5
  2513 | D:4      | Became a worshipper of Beogh the Brigand
  2595 | D:4      | Found a sacrificial altar of Ru.
  2694 | D:4      | Found a broken altar of Ashenzari.
  2796 | D:4      | Found a staircase to the Ecumenical Temple.
  2889 | D:4      | HP: 2/47 [iguana (3)]
  2890 | D:4      | Slain by an iguana

Illustrated notes

Levels and vault maps discovered:
D:1:      saegor_arrival_simple_e, layout_loops_corners
D:2:      layout_rooms, nicolae_half_adder
D:3:      layout_loops_corners, chequers_serial_rivers_room_b,
          dreamdust_princess_corridor
D:4:      layout_gridville, marbit_many_paths, ashenzari_altar_1,
          kennysheep_mini, minmay_temple_entry_glassed_door

Skill      XL: |  1  2  3  4 |
---------------+-------------+-----
Axes           | 3 4 |  4.6
Fighting       | 4 |  4.5
Armour         | 4 |  4.7
Dodging        | |  0.4
Shields        | |  3.7

Action                     |  1- 3 |  4- 6 || total
---------------------------+-------+-------++-------
  Melee: War axe           |    59 |    93 ||   152
 Invoke: Convert to Beogh  |       |     1 ||     1
    Use: Scroll            |       |     1 ||     1
         Potion            |       |     2 ||     2
 Armour: Scale mail        |    34 |    43 ||    77
  Dodge: Dodged            |    33 |    44 ||    77
  Block: Buckler           |    14 |    10 ||    24

Table legend: (Time is in decaauts)
 A = Elapsed time spent in this place.
 B = Non-inter-level travel time spent in this place.
 C = Inter-level travel time spent in this place.
 D = Time resting spent in this place.
 E = Time spent auto-exploring this place.
 F = Levels seen in this place.
 G = Mean time per level.
                   A        B        C        D        E       F      G
               +--------+--------+--------+--------+--------+-----+--------+
         Total |   2944 |   2876 |     68 |      0 |   2502 |   4 |  736.0 |
       Dungeon |   2944 |   2876 |     68 |      0 |   2502 |   4 |  736.0 |
               +--------+--------+--------+--------+--------+-----+--------+

Top non-repeatable levels by time:
     D:1: 1006 daAuts
     D:3: 966 daAuts
     D:2: 569 daAuts
     D:4: 402 daAuts
